[Event "12th National Schools-ch 2024"]
[Site "Gyan Bhawan Patna"]
[Date "2024.02.10"]
[Round "9.7"]
[White "Aadya Gupta"]
[Black "Drishtee Ghosh"]
[Result "1/2-1/2"]
[ECO "E00"]
[WhiteElo "1544"]
[BlackElo "1605"]
[Annotator "NA RC"]
[PlyCount "81"]
[EventDate "2024.02.05"]
[EventCountry "IND"]
[SourceTitle "playchess.com"]
[Source "ChessBase"]
[SourceQuality "1"]
[TimeControl "5400+30"]

1. d4 Nf6 2. c4 e6 3. a3 d5 4. Nc3 dxc4 5. e4 c5 6. Nf3 a6 7. Bxc4 b5 8. Bd3 cxd4 9. Nxd4 Bc5 10. Nf3 e5 11. Qc2 Nbd7 12. Bg5 Be7 13. O-O O-O 14. Rfd1 Bb7 15. Bxf6 Bxf6 16. b4 Rc8 17. Qb3 Qc7 18. Rac1 Rfd8 19. Qb2 Qb8 20. h3 Nb6 21. Qe2 Be7 22. Qe3 Bc6 23. Ne2 Na4 24. Rc2 a5 25. Rb1 axb4 26. axb4 Bd7 27. Ne1 h6 28. Rxc8 Rxc8 29. Bc2 Nb6 30. Bd3 Nc4 31. Bxc4 Rxc4 32. Nd3 Qa8 33. Nxe5 Qxe4 34. Qxe4 Rxe4 35. Nxd7 Rxe2 36. Nc5 Rc2 37. Nd3 Rc3 38. Ne5 g5 39. Ng4 Kg7 40. Ne3 Bf6 41. Kf1 1/2-1/2

[Event "12th National Schools-ch 2024"]
[Site "Gyan Bhawan Patna"]
[Date "2024.02.10"]
[Round "9.8"]
[White "Shreyas Raj"]
[Black "Pranay Akula"]
[Result "1/2-1/2"]
[ECO "B22"]
[WhiteElo "1644"]
[BlackElo "1712"]
[Annotator "NA RC"]
[PlyCount "60"]
[EventDate "2024.02.05"]
[EventCountry "IND"]
[SourceTitle "playchess.com"]
[Source "ChessBase"]
[SourceQuality "1"]
[TimeControl "5400+30"]

1. e4 c5 2. c3 Nf6 3. e5 Nd5 4. d4 cxd4 5. cxd4 d6 6. Nf3 Nc6 7. Bc4 Nb6 8. Bb5 dxe5 9. Nxe5 Bd7 10. Nxd7 Qxd7 11. O-O e6 12. Nc3 Rd8 13. Be3 Be7 14. Qf3 O-O 15. Rfd1 a6 16. Bxc6 bxc6 17. Rac1 Nd5 18. Kh1 Kh8 19. Kg1 Kg8 20. Kh1 Kh8 21. Kg1 Kg8 22. Kh1 Kh8 23. Nxd5 cxd5 24. Qe2 a5 25. Rc2 Rc8 26. Rdc1 Bd6 27. h3 h6 28. Qa6 Ra8 29. Qc6 Qe7 30. Qa4 Rfb8 1/2-1/2

[Event "12th National Schools-ch 2024"]
[Site "Gyan Bhawan Patna"]
[Date "2024.02.10"]
[Round "9.9"]
[White "Bhillva Nilaya Kondari Eswara "]
[Black "Sindhusree K"]
[Result "1/2-1/2"]
[ECO "B52"]
[WhiteElo "1843"]
[BlackElo "1445"]
[Annotator "NA RC"]
[PlyCount "69"]
[EventDate "2024.02.05"]
[EventCountry "IND"]
[SourceTitle "playchess.com"]
[Source "ChessBase"]
[SourceQuality "1"]
[TimeControl "5400+30"]

1. e4 c5 2. Nf3 d6 3. Bb5+ Bd7 4. Bxd7+ Qxd7 5. c4 Nc6 6. d4 cxd4 7. Nxd4 Nf6 8. Nc3 e6 9. Be3 Be7 10. O-O O-O 11. f3 Rac8 12. Nxc6 bxc6 13. Qd3 Qb7 14. b3 Rfd8 15. Rac1 d5 16. e5 Ne8 17. cxd5 cxd5 18. Ne2 Ba3 19. Rxc8 Rxc8 20. f4 Nc7 21. f5 Qb5 22. Qc2 Qd7 23. f6 g6 24. Qd2 Na6 25. Nd4 Nb4 26. Kh1 a6 27. Bg1 Nc6 28. Nxc6 Qxc6 29. b4 Bc1 30. Qe1 Qc4 31. Bc5 Bh6 32. Rf3 Qc1 33. Qxc1 Bxc1 34. a4 Bb2 35. Re3 1/2-1/2

[Event "12th National Schools-ch 2024"]
[Site "Gyan Bhawan Patna"]
[Date "2024.02.10"]
[Round "9.10"]
[White "Godhani Maharth"]
[Black "Shadhursshaan R"]
[Result "1/2-1/2"]
[ECO "D02"]
[WhiteElo "1496"]
[BlackElo "2058"]
[Annotator "TA"]
[PlyCount "62"]
[EventDate "2024.02.05"]
[EventCountry "IND"]
[SourceTitle "playchess.com"]
[Source "ChessBase"]
[SourceQuality "1"]
[TimeControl "5400+30"]

1. Nf3 Nf6 2. Ng1 Ng8 3. Nf3 Nf6 4. Ng1 Ng8 5. d4 d5 6. Nf3 Nf6 7. e3 e6 8. Bd3 Bd6 9. Ng1 Ng8 10. Nf3 c6 11. b3 b6 12. Bb2 Bb7 {White has an edge.} 13. Nbd2 Nd7 14. a3 a6 15. Qe2 Qe7 16. Ne5 Ngf6 17. O-O O-O 18. f3 a5 19. f4 c5 20. a4 Rac8 21. Rab1 Rb8 22. Ba1 Ba8 23. Rbd1 Rbd8 24. Bc3 Bb7 25. Rb1 Ra8 26. Bb2 Rab8 27. Rbe1 Rbc8 28. Ba1 Ba8 29. Rb1 Bb7 30. Bb2 Ba8 (30... Rb8 $11) 31. Rbe1 Bb7 {Weighted Error Value: White=0.19 (very precise) /Black=0.18 (very precise) .  Mistake:       	---       	Black=1      Inaccurate:     	White=2     	Black=6      OK:         	White=3     	Black=3} 1/2-1/2